 Dungeon Crawl Stone Soup version 0.31-a0-204-g7da18cac08 (webtiles) character file.

Game seed: 4953301543012516145

154 qw the Skirmisher (level 5, 0/29 HPs)
             Began as a Deep Elf Hunter on June 27, 2023.
             Slain by a black bear (2 damage)
             ... on level 3 of the Dungeon.
             The game lasted 00:00:38 (1657 turns).

qw the Skirmisher (Deep Elf Hunter)                 Turns: 1657, Time: 00:00:39

Health: 0/29       AC:  9    Str: 10    XL:     5   Next: 13%
Magic:  7/7        EV: 11    Int: 14    God:
Gold:   173        SH:  0    Dex: 18    Spells: 4/4 levels left

rFire   . . .        Y - +0 shortbow
rCold   . . .        (shield currently unavailable)
rNeg    . . .        h - +4 ring mail "Tivez" {SInv}
rPois   .            (no helmet)
rElec   .            (no cloak)
rCorr   .            (no gloves)
SInv    +            (no boots)
Will    .....        (no amulet)
Stlth   +            (no ring)
HPRegen 0.24/turn    (no ring)
MPRegen 0.10/turn

%: no passive effects
@: no status effects
A: no striking features
a: no special abilities


You were on level 3 of the Dungeon.
You visited 1 branch of the dungeon, and saw 3 of its levels.

You collected 173 gold pieces.


   Skills:
 - Level 1.5 Fighting
 + Level 8.5 Ranged Weapons
 - Level 2.4 Dodging
 - Level 1.2 Stealth


You had 4 spell levels left.
You didn't know any spells.
Your spell library was empty.

Inventory:

Hand Weapons
 Y - a +0 shortbow (weapon)
Armour
 c - a +0 leather armour
 h - the +4 ring mail "Tivez" (worn) {SInv}
   (You found it on level 3 of the Dungeon)

   SInv:      It lets you see invisible.
Scrolls
 a - a scroll of identify
 b - a scroll of blinking {unknown}
 e - a scroll of amnesia {unknown}
Potions
 d - a potion of might {unknown}
 f - a potion of degeneration {unknown}
 g - a potion of heal wounds {unknown}
 i - a potion of enlightenment {unknown}

Dungeon Overview and Level Annotations

Branches:
Dungeon (3/15)

Altars:
Qazlal

Annotations:
D:3 2 runed translucent doors


Message History

You shoot an arrow. The arrow closely misses the goblin.
You shoot an arrow. The arrow hits the goblin.
You kill the goblin!
Found a stone staircase leading down.
Enter note:
Enter note:
Enter note:
Enter note:
Enter note:
Enter note:
There is a stone staircase leading up here.
You now have 173 gold pieces (gained 12).
A black bear comes into view.
Enter note:
Enter note:
Enter note:
Enter note:
Enter note:
Enter note:
Enter note: You shoot an arrow.
The arrow hits the black bear.
The black bear is lightly wounded.
A black bear is nearby!
1647 ||| UPGRADING to +4 ring mail "Tivez" {SInv}.
You start removing your armour.
You continue taking off your +0 leather armour. x4
You finish taking off your +0 leather armour.
You start putting on your armour.
You continue putting on the +4 ring mail "Tivez" {SInv}. x3
The black bear bites you.
Keep equipping yourself?
The black bear claws you. x2
You continue putting on the +4 ring mail "Tivez" {SInv}.
The black bear bites you. The black bear claws you. x2
You continue putting on the +4 ring mail "Tivez" {SInv}.
The black bear closely misses you. The black bear claws you. x2
You finish putting on the +4 ring mail "Tivez" {SInv}.
You shoot an arrow. The arrow barely misses the black bear.
The black bear bites you.
You die...

#################
................###
###############...#
#.......#
......#...#
...######.# ..
#.@.# #h..# .....#
. #.....# .
~......# $#..#...#
..#..#...#
..######.#


You could see a black bear.

Vanquished Creatures
  Natasha (thrice) (D:3)
  2 adders (D:2)
  A gnoll (D:1)
  A worm (D:2)
  3 ball pythons
  4 bats
  3 endoplasms
  3 giant cockroaches (D:1)
  3 goblins
  3 hobgoblins
  5 jackals
  3 quokkas (D:2)
  3 frilled lizards
  4 kobolds
  6 rats
47 creatures vanquished.

Notes
Turn   | Place    | Note
-------+----------+-------------------------------------------
     0 | D:1      | qw the Deep Elf Hunter began the quest for the Orb.
     0 | D:1      | Reached XP level 1. HP: 12/12 MP: 3/3
     0 | D:1      | 0 ||| qw: Version: 0.3-a-22-g0ed2b0b
     0 | D:1      | 0 ||| qw: Game counter: 6584
     0 | D:1      | 0 ||| qw: Melee chars always use a shield: true
     0 | D:1      | 0 ||| qw: God list: Okawaru
     0 | D:1      | 0 ||| qw: Allow faded altars: false
     0 | D:1      | 0 ||| qw: Do Orc after clearing Dungeon:15 true
     0 | D:1      | 0 ||| qw: Do second Lair branch before Depths: true
     0 | D:1      | 0 ||| qw: Lair rune preference: random
     0 | D:1      | 0 ||| qw: Goals: Normal
     0 | D:1      | 0 ||| PLANNING D:1-11
   101 | D:1      | Reached XP level 2. HP: 16/16 MP: 4/4
   145 | D:1      | Reached skill level 6 in Ranged Weapons
   217 | D:1      | Found a faded altar of an unknown god.
   361 | D:1      | Reached XP level 3. HP: 20/20 MP: 5/5
   492 | D:1      | 492 ||| READING scroll labelled PAANEGALIA.
   493 | D:1      | 493 ||| DROPPING scroll of butterflies.
   559 | D:2      | Reached skill level 7 in Ranged Weapons
  1083 | D:2      | 1083 ||| READING 2 scrolls labelled VOFEHARHAXKU.
  1107 | D:3      | Reached XP level 4. HP: 25/25 MP: 6/6
  1140 | D:3      | Noticed Natasha
  1149 | D:3      | Killed Natasha
  1210 | D:3      | Found a stormy altar of Qazlal.
  1226 | D:3      | 1226 ||| READING scroll labelled LICVOT HYFUOSA.
  1255 | D:3      | Found a large runed translucent door.
  1256 | D:3      | Found a large runed translucent door.
  1286 | D:3      | Noticed Natasha
  1296 | D:3      | Killed Natasha
  1297 | D:3      | Reached skill level 8 in Ranged Weapons
  1418 | D:3      | Identified the +4 ring mail "Tivez" {SInv}
  1536 | D:3      | Noticed Natasha
  1544 | D:3      | Killed Natasha
  1545 | D:3      | Reached XP level 5. HP: 20/29 MP: 7/7
  1645 | D:3      | Noticed a black bear
  1647 | D:3      | 1647 ||| UPGRADING to +4 ring mail "Tivez" {SInv}.
  1656 | D:3      | HP: 3/29 [black bear (5)]
  1657 | D:3      | Slain by a black bear

Levels and vault maps discovered:
D:1:      minmay_arrival_three_doors, layout_basic,
          ebering_ecumenical_altar_rust
D:2:      layout_basic, serial_bayou, serial_bayou_pond_d,
          serial_bayou_crossing, serial_bayou_pond_d, serial_bayou_pond_a
D:3:      layout_rooms, hangedman_ru_absence, mainiacjoe_overflow_chevrons,
          mainiacjoe_overflow_alcove_1, jmf_multi_god_temple2, uniq_natasha

Skill      XL: |  1  2  3  4 |
---------------+-------------+-----
Ranged Weapons | 6 7 8 |  8.5
Fighting       | |  1.5
Dodging        | |  2.4
Stealth        | |  1.2

Action                     |  1- 3 |  4- 6 || total
---------------------------+-------+-------++-------
   Fire: Shortbow          |    90 |    58 ||   148
    Use: Scroll            |     2 |     1 ||     3
 Armour: Leather armour    |     9 |       ||     9
  Dodge: Dodged            |    27 |    12 ||    39

Table legend:
 A = Non-vault XP
 B = Vault XP
 C = Vault XP percentage of total XP
 D = Non-vault monster count
 E = Vault monster count
 F = Vault count percentage of total count
                 A         B        C        D         E       F
            +---------+---------+-------+---------+---------+-------
      Total |     184 |      36 |  16.4 |      46 |       1 |   2.1
            +---------+---------+-------+---------+---------+-------
        D:1 |      44 |       0 |   0.0 |      20 |       0 |   0.0
        D:2 |      51 |       0 |   0.0 |      13 |       0 |   0.0
        D:3 |      89 |      36 |  28.8 |      13 |       1 |   7.1
            +---------+---------+-------+---------+---------+-------
